 Dungeon Crawl Stone Soup version 0.22-a0-587-g7d32d7c (webtiles) character file.

6150 vinnietd the Slicer (level 11, 0/106 HPs)
             Began as a Halfling Berserker on July 4, 2018.
             Was a High Priest of Trog.
             Slain by a seven-headed hydra (1 damage)
             ... on level 9 of the Dungeon.
             The game lasted 00:14:29 (8971 turns).

vinnietd the Slicer (Halfling Berserker)            Turns: 8971, Time: 00:14:30

Health: 0/106      AC: 11    Str: 23    XL:     11   Next: 13%
Magic:  11/11      EV: 21    Int:  5    God:    Trog [*****.]
Gold:   116        SH: 10    Dex: 18    Spells: 10/10 levels left

rFire    . . .     SeeInvis .   A - +7 rapier (venom)
rCold    + . .     Gourm    .   h - +0 buckler
rNeg     . . .     Faith    .   z - +1 scale mail {rPois}
rPois    +         Spirit   .   (no helmet)
rElec    .         Reflect  +   (no cloak)
rCorr    .         Harm     .   E - +1 pair of gloves
MR       .....                  (no boots)
Stlth    ..........             F - +5 amulet of reflection
HPRegen  0.27/turn              C - +4 ring of evasion
MPRegen  0.12/turn              D - ring of protection from cold

@: berserking, very quick
A: small, mutation resistance 1
a: Berserk, Trog's Hand, Brothers in Arms, Renounce Religion


You were on level 9 of the Dungeon.
You worshipped Trog.
Trog was extremely pleased with you.
You were hungry.

You visited 1 branch of the dungeon, and saw 9 of its levels.

You collected 431 gold pieces.
You spent 315 gold pieces at shops.

Inventory:

Hand Weapons
 A - a +7 rapier of venom (weapon)
Missiles
 J - 3 poisoned tomahawks (quivered)
Armour
 h - a +0 buckler (worn)
 z - a +1 scale mail of poison resistance (worn)
 E - a +1 pair of gloves (worn)
Jewellery
 n - an uncursed ring of flight
 C - a +4 ring of evasion (left hand)
 D - a ring of protection from cold (right hand)
 F - a +5 amulet of reflection (around neck)
Wands
 t - a wand of polymorph (16)
 w - a wand of digging (15)
 x - a wand of random effects (25)
 y - a wand of paralysis (25)
Scrolls
 b - 3 scrolls of teleportation
 f - 7 scrolls of identify {@r1}
 j - a scroll of torment {unknown}
 m - a scroll of enchant weapon
 o - 3 scrolls of blinking
 p - 6 scrolls of remove curse {@r2}
 q - 4 scrolls of random uselessness
 s - 2 scrolls of fog
 u - 2 scrolls of magic mapping
 G - a scroll of holy word {unknown}
Potions
 a - a potion of lignification {unknown}
 d - 4 potions of curing {unknown}
 e - 3 potions of haste {unknown}
 g - 2 potions of flight {unknown}
 i - a potion of brilliance {unknown}
 k - a potion of agility {unknown}
 l - 4 potions of mutation {unknown}
 r - a potion of cancellation {unknown}
 v - 5 potions of heal wounds {unknown}
 B - 2 potions of berserk rage {unknown}
 H - 2 potions of magic {unknown}
Comestibles
 c - 23 rations
 I - 15 chunks of flesh


   Skills:
 - Level 5.0 Fighting
 - Level 14.0 Short Blades
 + Level 7.9 Armour
 + Level 7.9 Dodging


You had 10 spell levels left.
You didn't know any spells.
Your spell library was empty.

Dungeon Overview and Level Annotations

Branches:
Dungeon (9/15)             Temple (0/1) D:7
   Lair: D:8-11         Orc: D:9-12

Altars:
Dithmenos
Hepliaklqana
Kikubaaqudgha
Nemelex Xobeh
Okawaru
Ru
Trog
Uskayaw
Yredelemnul
Zin

Shops:
D:5 [%   D:7 }


Innate Abilities, Weirdness & Mutations

You are small and have problems with some larger weapons.
You are somewhat resistant to further mutation.


Message History

You block the seven-headed hydra's attack.
The seven-headed hydra misses you. x2
The seven-headed hydra barely misses you.
The seven-headed hydra bites you!
* * * LOW HITPOINT WARNING * * *
The seven-headed hydra barely misses you. x2
Use which ability? (? or * to list)
A red film seems to cover your vision as you go berserk!
You feel yourself moving faster!
You feel mighty!
You are feeling hungry.
You block the seven-headed hydra's attack.
The seven-headed hydra bites you!
* * * LOW HITPOINT WARNING * * *
The seven-headed hydra closely misses you.
The seven-headed hydra bites you!
* * * LOW HITPOINT WARNING * * *
You block the seven-headed hydra's attack.
The seven-headed hydra bites you but does no damage.
The seven-headed hydra bites you.
You die...

##.# #.# #[##.# #....#
#..# #.#
#[##.######.#### #.##
#.# #(..........# ##.#
#.# #..........## #..#
#.# #..........# #.##
#.####..........# ..#
#....รท.<........#
#######.####..........#
.........##.....@.....#
###............D......#
#...##.....>.........##
..####.#.####.#.##...#
.##........=..#[# #..#
##..............# ###
#...............#
#...............#
................#


You could see a seven-headed hydra.

Vanquished Creatures
  A yaktaur captain (D:9)
  2 hippogriffs
  4 yaks (D:9)
  A spriggan (D:7)
  Eustachio (D:4)
  A hungry ghost (D:8)
  3 orc warriors
  4 ogres
  A black bear (D:8)
  2 phantoms
  4 sky beasts
  2 centaurs
  2 big kobolds
  4 bullfrogs
  A wyvern zombie (D:6)
  4 scorpions
  6 killer bees (D:8)
  6 howler monkeys
  7 crimson imps
  2 jellies
  2 centaur zombies
  3 hounds
  A bullfrog zombie (D:9)
  2 orc priests (D:5)
  2 bullfrog skeletons (D:5)
  11 orc wizards
  5 iguanas
  7 worker ants
  A hound zombie (D:7)
  A worker ant zombie (D:9)
  12 adders
  3 shadow imps
  An adder zombie (D:8)
  3 worms
  3 dart slugs (D:1)
  8 leopard geckos
  50 orcs
  A ball python (D:3)
  3 giant cockroaches
  11 goblins
  11 hobgoblins
  2 jackals (D:1)
  5 quokkas
  6 bats
  5 frilled lizards
  2 jackal skeletons (D:4)
  17 kobolds
  12 rats
248 creatures vanquished.

Vanquished Creatures (others)
  A plant (D:5)
1 creature vanquished.

Grand Total: 249 creatures vanquished

Notes
Turn   | Place    | Note
-------+----------+-------------------------------------------
     0 | D:1      | vinnietd the Halfling Berserker began the quest for the Orb.
     0 | D:1      | Reached XP level 1. HP: 15/15 MP: 1/1
    14 | D:1      | Reached skill level 4 in Short Blades
    60 | D:1      | Reached XP level 2. HP: 20/20 MP: 2/2
   257 | D:1      | Reached XP level 3. HP: 25/25 MP: 3/3
   403 | D:1      | Reached skill level 5 in Short Blades
   700 | D:2      | Found a hide-covered altar of Uskayaw.
   966 | D:2      | Reached ** piety under Trog
  1025 | D:2      | Reached XP level 4. HP: 22/31 MP: 4/4
  1308 | D:2      | Reached XP level 5. HP: 28/36 MP: 5/5
  1635 | D:2      | Reached skill level 6 in Short Blades
  2251 | D:3      | Reached XP level 6. HP: 35/43 MP: 6/6
  2745 | D:3      | Reached skill level 7 in Short Blades
  2857 | D:3      | Reached *** piety under Trog
  3562 | D:4      | Reached XP level 7. HP: 40/48 MP: 7/7
  3816 | D:4      | Reached skill level 8 in Short Blades
  3859 | D:4      | Noticed a hippogriff
  3869 | D:4      | Killed a hippogriff
  4078 | D:4      | Reached skill level 9 in Short Blades
  4078 | D:4      | Reached XP level 8. HP: 54/54 MP: 8/8
  4101 | D:4      | Reached skill level 5 in Fighting
  4525 | D:4      | Reached skill level 10 in Short Blades
  4595 | D:4      | Found a glowing silver altar of Zin.
  4595 | D:4      | Found a shadowy altar of Dithmenos.
  4609 | D:4      | Noticed Eustachio
  4625 | D:4      | Killed Eustachio
  4786 | D:5      | Entered Level 5 of the Dungeon
  4891 | D:5      | Found Lorhur's Food Shop.
  4925 | D:5      | Reached skill level 11 in Short Blades
  4937 | D:5      | Reached XP level 9. HP: 61/61 MP: 9/9
  5012 | D:5      | Found an ancient bone altar of Kikubaaqudgha.
  5081 | D:5      | Reached skill level 12 in Short Blades
  5253 | D:5      | Found Zoteph's Antique Armour Emporium.
  5275 | D:5      | Reached **** piety under Trog
  5315 | D:5      | Found a hazy altar of Hepliaklqana.
  5579 | D:5      | Found Buzxucuts's Weapon Shoppe.
  5828 | D:6      | Reached skill level 13 in Short Blades
  5877 | D:6      | Found a shadowy altar of Dithmenos.
  5916 | D:6      | Found a bloodstained altar of Trog.
  6037 | D:6      | Found a shadowy altar of Dithmenos.
  6254 | D:6      | Reached skill level 14 in Short Blades
  6462 | D:7      | Reached XP level 10. HP: 58/66 MP: 10/10
  6688 | D:7      | Found a staircase to the Ecumenical Temple.
  6688 | D:7      | Found Sowuocs's Gadget Shop.
  6895 | D:7      | Found an iron altar of Okawaru.
  6896 | D:7      | Found a sacrificial altar of Ru.
  6898 | D:7      | Found a sparkling altar of Nemelex Xobeh.
  7030 | D:7      | Reached skill level 5 in Armour
  7118 | D:8      | Reached skill level 5 in Dodging
  7200 | D:8      | Reached ***** piety under Trog
  7641 | D:8      | Found a basalt altar of Yredelemnul.
  8529 | D:5      | Bought a heavily runed hat for 315 gold pieces
  8534 | D:5      | Identified the +1 hat of Sorcery {Regen+ Str-4 Int+9 Stlth-} (You bought it in a shop on level 5 of the Dungeon)
  8731 | D:9      | Found a hide-covered altar of Uskayaw.
  8893 | D:9      | Reached XP level 11. HP: 65/71 MP: 11/11
  8910 | D:9      | Noticed a yaktaur captain
  8915 | D:9      | Killed a yaktaur captain
  8925 | D:9      | Noticed a seven-headed hydra
  8971 | D:9      | HP: 1/106 [seven-headed hydra (7)]
  8971 | D:9      | Slain by a seven-headed hydra

Vault maps used:
D:1:      dpeg_arrival_pits
D:2:      eat_drink_and_be_merry_uskayaw
D:3:      kennysheep_six_static_rooms, kennysheep_generic_room_6
D:4:      cheibrodos_barr_body, gammafunk_temple_overflow_statue, uniq_eustachio
D:5:      lemuel_crystal_altar, kiku_gazebo_pond_becter, first_ration,
          serial_shops, shop, nicolae_shop_stone, nicolae_shop_behind_doors,
          lexackson_kobold_supper
D:6:      bloody_trog, basic_altar, minmay_misc_feat_alley,
          nicolae_dithmenos_through_a_glass_darkly
D:7:      grunt_temple_overflow_open, minmay_temple_entry_statues_pillars,
          serial_shops, nicolae_shop_crystal, the_bakery,
          minmay_misc_feat_pillars, minivault_24
D:8:      basic_altar
D:9:      fedhas_altar_2, basic_altar, minmay_three_doors

Skill      XL: |  1  2  3  4  5  6  7  8  9 10 |
---------------+-------------------------------+-----
Short Blades   | 4 5 6 7 9 11 14 | 14.0
Fighting       | 3 4 5 |  5.0
Armour         | 7 |  7.9
Dodging        | 7 |  7.9

Action                   |  1- 3 |  4- 6 |  7- 9 | 10-12 || total
-------------------------+-------+-------+-------+-------++-------
Melee: Short sword       |   104 |   287 |    79 |       ||   470
       Dagger            |       |       |    41 |       ||    41
       Rapier            |       |       |   182 |   251 ||   433
Invok: Berserk           |     1 |     3 |     7 |     1 ||    12
       Trog's Hand       |       |       |     2 |       ||     2
Evoke: Wand              |       |       |       |     1 ||     1
  Use: Scroll            |       |       |    12 |     2 ||    14
  Eat: Chunk             |     1 |    12 |    12 |     6 ||    31
       Ration            |       |       |     1 |     1 ||     2
Armor: Animal skin       |     3 |       |       |       ||     3
       Chain mail        |    39 |    99 |    25 |       ||   163
       Scale mail        |       |       |    37 |    15 ||    52
Dodge: Dodged            |    56 |   111 |    98 |    93 ||   358
Block: Buckler           |       |       |    27 |    76 ||   103
       Reflection        |       |       |       |     6 ||     6

Table legend:
 A = Spawn XP
 B = Non-spawn XP
 C = Spawn XP percentage of total XP
 D = Spawn monster count
 E = Non-spawn monster count
 F = Spawn count percentage of total count
 G = Total turns spent on level
                    A         B        C        D         E        F      G
               +---------+---------+-------+---------+---------+-------+---------
         Total |       0 |    8787 |   0.0 |       0 |     248 |   0.0 |  8971
               +---------+---------+-------+---------+---------+-------+---------
           D:1 |       0 |      49 |   0.0 |       0 |      24 |   0.0 |   696
           D:2 |       0 |     117 |   0.0 |       0 |      25 |   0.0 |  1192
           D:3 |       0 |     227 |   0.0 |       0 |      40 |   0.0 |  1142
           D:4 |       0 |    1147 |   0.0 |       0 |      25 |   0.0 |  1756
           D:5 |       0 |    1171 |   0.0 |       0 |      43 |   0.0 |  1098
           D:6 |       0 |    1136 |   0.0 |       0 |      17 |   0.0 |   644
           D:7 |       0 |    1131 |   0.0 |       0 |      29 |   0.0 |   726
           D:8 |       0 |     925 |   0.0 |       0 |      19 |   0.0 |  1264
           D:9 |       0 |    2884 |   0.0 |       0 |      26 |   0.0 |   453
               +---------+---------+-------+---------+---------+-------+---------
